 Dungeon Crawl Stone Soup version 0.22-a0-161-g198051c (webtiles) character file.

155 zwolley the Shield-Bearer (level 5, 0/52 HPs)
             Began as a Troll Fighter on Feb 10, 2018.
             Slain by an adder (3 damage)
             ... on level 5 of the Dungeon.
             The game lasted 00:08:28 (892 turns).

zwolley the Shield-Bearer (Troll Fighter)            Turns: 892, Time: 00:08:28

Health: 0/52       AC:  5    Str: 30    XL:     5   Next: 14%
Magic:  4/4        EV: 14    Int:  9    God:
Gold:   14         SH: 10    Dex: 14    Spells: 4/4 levels left

rFire    x . .     SeeInvis .   n - +0 trident
rCold    + . .     Gourm    +   b - +0 shield
rNeg     . . .     Faith    .   a - +0 robe
rPois    .         Spirit   .   (helmet restricted)
rElec    .         Reflect  .   (no cloak)
rCorr    .         Harm     .   (gloves unavailable)
MR       .....                  (boots unavailable)
Stlth    ++........             (no amulet)
HPRegen  0.57/turn              f - ring of ice
MPRegen  0.09/turn              (no ring)

@: mighty, brilliant, agile, fainting
A: large, unfitting armour, claws 3, fast metabolism 3, gourmand, regeneration
1, shaggy fur 1, tough skin 2
a: no special abilities


You were on level 5 of the Dungeon.
You were fainting.

You visited 1 branch of the dungeon, and saw 5 of its levels.

You collected 14 gold pieces.

Inventory:

Hand Weapons
 i - a +0 club
 j - a +0 whip
 k - a +0 dagger
 n - a +0 trident (weapon)
Missiles
 l - 35 stones (quivered)
Armour
 a - a +0 robe (worn)
 b - a +0 shield (worn)
 g - a cursed +0 ring mail
 m - a +0 robe
Jewellery
 f - a ring of ice (left claw)
 q - an uncursed ring of poison resistance {unknown}
Scrolls
 h - 2 scrolls of teleportation {unknown}
 p - a scroll of fog {unknown}
Potions
 e - a potion of curing {unknown}
 s - a potion of invisibility {unknown}
Comestibles
 d - a ration


   Skills:
 + Level 2.8 Fighting
 + Level 1.5 Polearms
 + Level 3.1 Dodging
 + Level 3.3 Shields
 + Level 2.6 Unarmed Combat


You had 4 spell levels left.
You didn't know any spells.

Dungeon Overview and Level Annotations

Branches:
Dungeon (5/15)
 Temple: D:4-7

Altars:
Nemelex Xobeh


Innate Abilities, Weirdness & Mutations

You are too large for most types of armour.
You have claws for hands.
Your metabolism is lightning-fast.
You like to eat raw meat.
Your natural rate of healing is unusually fast.
You are covered in fur. (AC +1)
You have very tough skin. (AC +2)


Message History

It was a potion of brilliance.
You feel clever all of a sudden. You block the quokka's attack.
The bullfrog zombie misses you. The quokka barely misses you.
You closely miss the bullfrog zombie.
The bullfrog zombie is almost destroyed.
The bullfrog zombie hits you but does no damage.
The quokka barely misses you.
The bullfrog zombie hits you but does no damage.
You barely miss the bullfrog zombie.
The bullfrog zombie is almost destroyed.
You block the quokka's attack. The bullfrog zombie hits you.
* * * LOW HITPOINT WARNING * * *
You puncture the bullfrog zombie!
You destroy the bullfrog zombie!
You have reached level 5!
The quokka bites you but does no damage.
You block the quokka's attack.
You barely miss the adder. The adder bites you.
You die...

+....#...#.
##.........
##..#.#.#..
#..........
#...#.#.#..
#..........
#######.#.#.#..
#..##..........
#.@S...........
#..r...........
#######.##.###.
#.# .# ... .#
.... ..... ..#


You could see an adder and a quokka.

Vanquished Creatures
  A bullfrog zombie (D:5)
  An orc wizard (D:4)
  4 adders
  An ooze (D:2)
  An adder skeleton (D:4)
  2 leopard geckos
  2 orcs (D:4)
  A ball python (D:1)
  6 bats
  A giant cockroach (D:4)
  6 goblins
  4 hobgoblins
  3 jackals (D:2)
  A frilled lizard (D:2)
  7 kobolds (D:2)
  7 rats
48 creatures vanquished.

Notes
Turn   | Place    | Note
-------+----------+-------------------------------------------
     0 | D:1      | zwolley the Troll Fighter began the quest for the Orb.
     0 | D:1      | Reached XP level 1. HP: 22/22 MP: 0/0
   212 | D:2      | Reached XP level 2. HP: 25/29 MP: 1/1
   344 | D:2      | Found a sparkling altar of Nemelex Xobeh.
   387 | D:2      | Reached XP level 3. HP: 34/36 MP: 2/2
   718 | D:4      | Reached XP level 4. HP: 40/44 MP: 3/3
   721 | D:4      | Reached skill level 1 in Polearms
   818 | D:5      | Entered Level 5 of the Dungeon
   890 | D:5      | HP: 1/44 [bullfrog zombie (6)]
   891 | D:5      | Reached XP level 5. HP: 2/52 MP: 4/4
   892 | D:5      | Slain by an adder

Vault maps used:
D:1:      dpeg_arrival_concentric_ovals
D:2:      lemuel_zombie_altar_yredelemnul, nemelex_xobeh_ov_fountains_minmay
D:3:      marbit_many_paths, first_ration, small_statue_intersection,
          uniq_grinder
D:4:      nicolae_gozag_seed_capital
D:5:      serial_glass, glass_columns_a, glass_columns_b,
          hangedman_decor_slide_cut, dk_yredelemnul_ordeal

Skill      XL: |  1  2  3  4 |
---------------+-------------+-----
Shields        | 3 |  3.3
Polearms       | 1 |  1.5
Dodging        | 3 |  3.1
Fighting       | |  2.8
Unarmed Combat | |  2.6

Action                   |  1- 3 |  4- 6 || total
-------------------------+-------+-------++-------
Melee: Unarmed           |    67 |       ||    67
       Trident           |    74 |    57 ||   131
  Use: Potion            |       |     3 ||     3
  Eat: Ration            |     1 |       ||     1
Armor: Robe              |    88 |    34 ||   122
Dodge: Dodged            |    69 |    35 ||   104
Block: Shield            |   123 |    48 ||   171

Table legend:
 A = Spawn XP
 B = Non-spawn XP
 C = Spawn XP percentage of total XP
 D = Spawn monster count
 E = Non-spawn monster count
 F = Spawn count percentage of total count
 G = Total turns spent on level
                    A         B        C        D         E        F      G
               +---------+---------+-------+---------+---------+-------+---------
         Total |       0 |     222 |   0.0 |       0 |      48 |   0.0 |   892
               +---------+---------+-------+---------+---------+-------+---------
           D:1 |       0 |      10 |   0.0 |       0 |       6 |   0.0 |   204
           D:2 |       0 |      50 |   0.0 |       0 |      28 |   0.0 |   405
           D:3 |       0 |      21 |   0.0 |       0 |       5 |   0.0 |    95
           D:4 |       0 |      95 |   0.0 |       0 |       8 |   0.0 |   114
           D:5 |       0 |      46 |   0.0 |       0 |       1 |   0.0 |    74
               +---------+---------+-------+---------+---------+-------+---------
